cohdb
Replays
Latest Replays
All Replays
Popular Replays
Top Player Replays
Match Explorer
How It Works
Community
CoH3 Stats
Reddit
Sign in to upload your games and track your stats! →
Sign in with Steam
Match 45456465
Unlisted
Match 45456465
Overview
Messages
Build Orders
End
Selects Special Operations Battlegroup
Selects M29 Weasel Recon Vehicle
M29 Weasel Recon Vehicle
Construct Barracks
Riflemen Squad
Riflemen Squad
Riflemen Squad
Mechanized Support Center
Grenade Package
Construct Motor Pool
Selects Smoke Screen
M8 Greyhound Armored Car
Improvised Armor
Designate Forward Repair Station
M1 Anti-tank Gun Team
Construct Medical Station
Engineer Squad
M1918 Browning Automatic Rifles
Selects P-47 Anti-Infantry Loiter
Construct Tank Depot
M4A1 Sherman Medium Tank
Polka_Pete
JuicySmores
0
0
Comments
sign in to comment!
No comments posted yet!